Map: Acid Plant LE

Players

fruitcake

  • Race: Terran Terran
  • Spawn Location: 11:00

Blood - Winner!

  • Race: Protoss Protoss
  • Spawn Location: 5:00

VOD

Have the link to the VOD?

Description

Time

  • Played on: May 11, 2018, 5:39 p.m.
  • Length: 10:13
Show
View Real Time Build Order
Export as new Build Order

fruitcake Terran 

Build Orders:  

Get SALT Encoding   

  12  0:00  SCV  
  13  0:13  Supply Depot  
  13  0:18  SCV  
  14  0:25  Refinery  
  14  0:30  SCV  
  15  0:43  SCV  
  16  0:50  Barracks  
  16  1:01  SCV  
  17  1:07  Supply Depot  
  17  1:13  SCV  
  18  1:24  Engineering Bay  
  18  1:26  SCV  
  19  1:37  Marine  
  19  1:38  SCV, Refinery  
  21  1:55  Marine  
  21  2:00  Barracks  
  22  2:13  Marine  
  22  2:14  Orbital Command  
  23  2:19  Terran Infantry Weapons Level 1  
  23  2:28  Supply Depot  
  23  2:31  Marine  
  24  2:49  Marine  
  25  3:01  Barracks Reactor  
  25  3:06  Marine  
  26  3:14  Supply Depot  
  26  3:19  SCV  
  27  3:26  Barracks Tech Lab, Supply Depot  
  27  3:31  SCV  
  28  3:38  Barracks  
  28  3:39  Marine x2  
  30  3:47  Engineering Bay  
  30  3:50  Factory  
  30  3:52  Marauder  
  30  3:53  Stimpack  
  32  3:57  Marine x2  
  34  4:13  Marauder  
  34  4:15  Marine x2  
  38  4:19  Terran Infantry Armor Level 1  
  38  4:29  Barracks Reactor  
  38  4:34  Marauder  
  40  4:52  Armory  
  40  4:56  Marauder  
  40  4:59  Cyclone  
  45  5:11  Barracks Reactor  
  45  5:17  Marine  
  46  5:25  Missile Turret  
  46  5:30  Supply Depot  
  46  5:35  Sensor Tower, Marauder  
  48  5:45  Barracks Reactor  
  48  5:52  Command Center  
  48  5:56  Marine  
  49  6:09  Terran Infantry Weapons Level 2  
  49  6:16  Marine x2  
  49  6:17  Marauder  
  53  6:19  Concussive Shells  
  53  6:22  Marine  
  53  6:23  Marine  
  55  6:31  Hellbat  
  57  6:34  Marine x2  
  59  6:42  Cyclone  
  62  7:03  Cyclone  
  62  7:04  Refinery, Supply Depot  
  62  7:06  SCV  
  66  7:08  Refinery  
  66  7:09  Supply Depot  
  66  7:17  Missile Turret  
  45  7:46  Orbital Command  
  38  8:12  SCV x2  
  40  8:14  Missile Turret  
  40  8:24  SCV x2  
  42  8:30  Starport  
  42  8:36  SCV  
  42  8:37  SCV, Missile Turret  
  44  8:49  SCV x2  
  46  9:01  SCV x2  
  48  9:10  Missile Turret  
  48  9:13  SCV  
  49  9:27  Supply Depot  
  49  9:28  Supply Depot  
  19  9:42  Marine x3, Orbital Command  
Show
View Real Time Build Order
Export as new Build Order

Blood Protoss - Winner!

Build Orders:  

Get SALT Encoding   

  12  0:11  Probe  
  13  0:22  Pylon  
  13  0:30  Pylon  
  13  0:32  Probe  
  14  0:44  Probe  
  15  0:50  Forge  
  15  0:56  Probe  
  16  1:06  Gateway  
  16  1:14  Assimilator, Probe  
  17  1:26  Probe  
  17  1:29  Photon Cannon  
  18  1:38  Probe  
  19  1:52  Assimilator  
  19  2:01  Photon Cannon  
  19  2:07  Cybernetics Core  
  19  2:14  Probe  
  20  2:42  Nexus  
  19  2:46  Pylon, Warp Gate  
  19  2:51  Probe  
  20  3:08  Gateway  
  20  3:11  Probe  
  20  3:12  Pylon  
  21  3:19  Probe  
  22  3:27  Probe  
  23  3:37  Twilight Council  
  23  3:45  Gateway  
  23  3:51  Protoss Ground Weapons Level 1  
  23  4:05  Gateway, Probe  
  24  4:11  Probe  
  25  4:19  Charge, Probe  
  26  4:28  Probe  
  27  4:38  Probe  
  27  4:44  Dark Shrine  
  28  4:50  Probe  
  29  5:00  Probe  
  29  5:01  Zealot  
  29  5:02  Zealot  
  34  5:08  Probe  
  34  5:10  Assimilator  
  35  5:15  Assimilator, Stalker  
  35  5:18  Probe  
  38  5:29  Forge  
  38  5:30  Probe  
  39  5:38  Stalker  
  39  5:39  Stalker  
  39  5:42  Probe  
  44  5:46  Shield Battery  
  44  5:48  Pylon  
  44  5:54  Probe  
  45  6:00  Protoss Ground Armor Level 1  
  45  6:02  Protoss Ground Weapons Level 2  
  45  6:06  Probe  
  45  6:09  Dark Templar  
  48  6:13  Dark Templar  
  48  6:18  Probe, Dark Templar  
  53  6:30  Probe  
  53  6:31  Robotics Facility  
  54  6:36  Pylon  
  54  6:38  Probe  
  54  6:46  Probe  
  55  6:50  Stalker  
  55  6:51  Stalker  
  60  6:55  Zealot  
  60  6:57  Probe  
  63  7:09  Probe  
  48  7:33  Zealot x2  
  48  7:34  Zealot x2  
  56  7:37  Immortal  
  56  7:43  Robotics Facility  
  60  7:54  Protoss Shields Level 1  
  56  8:02  Zealot  
  56  8:03  Zealot  
  56  8:04  Dark Templar  
  56  8:05  Stalker  
  62  8:14  Robotics Facility  
  62  8:27  Stalker  
  62  8:28  Nexus  
  64  8:47  Probe  
  64  8:53  Dark Templar  
  64  8:54  Dark Templar  
  64  8:55  Probe  
  70  9:12  Immortal  
  70  9:13  Immortal  
  72  9:37  Stalker  
  72  9:38  Stalker  
  76  9:39  Dark Templar  
  76  9:40  Zealot  
  80  9:46  Probe  
  81  9:54  Probe  
Tags
 
Add a new tag
Caveats
  • Supply blocks, unpowered buildings, or Contaminate may cause inaccurate times.
  • Supply counts are checked every 10 seconds.